Map: Temple gelé

Players

Ploenices

  • Race: Terran Terran
  • League: Silver

pupu - Winner!

  • Race: Protoss Protoss
  • League: Silver

VOD

Have the link to the VOD?

Description

Time

  • Played on: April 11, 2016, 10:27 a.m.
  • Length: 8:48
Show
View Real Time Build Order
Export as new Build Order

Ploenices Terran 

Build Orders: MMM Bio 

Get SALT Encoding   

  12  0:01  SCV  
  13  0:14  Supply Depot  
  13  0:18  SCV  
  14  0:30  SCV  
  15  0:38  Barracks  
  15  0:42  SCV  
  16  0:54  SCV  
  17  0:58  Barracks  
  17  1:02  Refinery  
  17  1:06  SCV  
  18  1:18  SCV  
  18  1:24  Supply Depot  
  19  1:30  SCV  
  20  1:39  Marine  
  21  1:43  SCV  
  22  1:48  Refinery  
  22  1:53  Barracks Tech Lab  
  22  1:55  SCV  
  22  1:57  Marine  
  24  2:07  SCV  
  25  2:16  Combat Shields  
  25  2:22  Barracks  
  25  2:27  Barracks  
  25  2:30  Marine x2  
  25  2:36  Orbital Command  
  27  2:45  Supply Depot  
  27  2:49  Marine x2  
  29  3:03  SCV  
  30  3:08  Supply Depot  
  30  3:15  SCV  
  30  3:16  Barracks Reactor  
  30  3:17  Barracks Reactor x2  
  31  3:32  Bunker  
  31  3:35  Stimpack  
  31  3:42  Marine  
  32  3:52  SCV  
  33  4:00  Marine x2  
  33  4:01  Marine x2  
  37  4:05  Command Center  
  37  4:08  Supply Depot  
  37  4:17  Factory  
  37  4:19  Marine  
  37  4:22  Marine  
  39  4:39  Marine x3  
  39  4:40  Marine  
  39  4:41  Marine  
  39  4:43  Marine x2  
  46  4:57  Marine x2  
  48  5:02  Engineering Bay, Factory Tech Lab  
  48  5:12  SCV  
  49  5:24  SCV  
  49  5:27  Siege Tank  
  53  5:28  Engineering Bay  
  53  5:35  Marine  
  54  5:36  Marine, SCV  
  56  5:48  SCV  
  55  5:59  Siege Tank  
  55  6:00  SCV  
  50  6:10  Marine  
  50  6:11  Marine x3  
  19  7:49  Siege Tank  
Show
View Real Time Build Order
Export as new Build Order

pupu Protoss - Winner!

Build Orders:  

Get SALT Encoding   

  12  0:01  Probe (Chrono Boost)  
  13  0:11  Probe (Chrono Boost)  
  14  0:19  Pylon  
  14  0:22  Probe (Chrono Boost)  
  15  0:37  Probe (Chrono Boost), Gateway  
  16  0:48  Probe (Chrono Boost)  
  17  0:51  Assimilator  
  17  0:57  Assimilator  
  17  0:58  Probe (Chrono Boost)  
  18  1:09  Probe (Chrono Boost)  
  19  1:19  Probe (Chrono Boost)  
  19  1:25  Cybernetics Core  
  20  1:26  Gateway  
  20  1:31  Probe (Chrono Boost)  
  21  1:42  Probe (Chrono Boost)  
  22  1:47  Pylon  
  22  1:52  Probe (Chrono Boost)  
  23  2:03  Twilight Council  
  23  2:06  Warp Gate (Chrono Boost)  
  23  2:08  Probe  
  24  2:20  Probe  
  25  2:40  Nexus  
  25  2:45  Pylon  
  25  2:47  Probe  
  26  2:59  Mothership Core  
  28  3:06  Robotics Facility  
  28  3:11  Zealot  
  30  3:14  Sentry  
  32  3:20  Probe  
  33  3:32  Probe  
  34  3:41  Gateway  
  34  3:42  Gateway  
  34  3:49  Charge (Chrono Boost)  
  34  3:56  Probe  
  34  3:58  Probe  
  36  4:09  Probe  
  36  4:10  Probe  
  38  4:22  Gateway  
  38  4:23  Gateway  
  38  4:28  Warp Prism  
  40  4:38  Pylon  
  40  4:41  Probe  
  40  4:42  Probe  
  42  4:50  Pylon  
  42  4:55  Probe  
  42  4:57  Probe  
  44  5:02  Assimilator  
  44  5:06  Pylon  
  44  5:08  Pylon  
  44  5:17  Zealot x3  
  50  5:21  Zealot  
  52  5:58  Zealot x3  
  52  5:59  Zealot x3  
  56  6:20  Zealot x6  
  64  6:42  Zealot x4  
  69  6:51  Pylon  
  69  6:53  Pylon  
  59  7:08  Stalker  
  59  7:10  Stalker x3  
  64  7:46  Gateway  
  54  8:23  Nexus  
Tags
 
Add a new tag
Caveats
  • Supply blocks, unpowered buildings, or Contaminate may cause inaccurate times.
  • Supply counts are checked every 10 seconds.